 Dungeon Crawl Stone Soup version 0.17-a0-776-gd86b262 (webtiles) character file.

95 FedoraBrony69 the Magician (level 4, -5/24 HPs)
             Began as a Deep Elf Fire Elementalist on Apr 24, 2015.
             Slain by a river rat (6 damage)
             ... in a sewer.
             The game lasted 00:04:25 (1325 turns).

FedoraBrony69 the Magician (DEFE)                   Turns: 1325, Time: 00:04:26

Health: -5/24      AC:  2    Str:  5    XL:     4   Next: 39%
Magic:  3/13       EV: 13    Int: 21    God:
Gold:   88         SH:  0    Dex: 15    Spells: 1 memorised, 12 levels left

rFire  . . .     SeeInvis .     n - +0 dagger
rCold  . . .     Clarity  .     a - +0 robe
rNeg   . . .     SustAb   .     (no shield)
rPois  +         Gourm    .     (no helmet)
rElec  .         Spirit   .     (no cloak)
rCorr  .         Warding  .     (no gloves)
rMut   .         Stasis   .     (no boots)
MR     +....                    (no amulet)
Stlth  ++........               s - ring of protection from magic
                                g - ring of poison resistance

@: somewhat resistant to hostile enchantments, unstealthy
A: no striking features
a: no special abilities


You were in a sewer.
You were not hungry.

You visited 1 branch of the dungeon, and saw 4 of its levels.
You also visited: Sewer.

You collected 88 gold pieces.

Inventory:

Hand weapons
 n - a +0 dagger (weapon)
Armour
 a - a +0 robe (worn)
 t - a +0 cloak
Jewellery
 g - a ring of poison resistance (left hand)
 q - an uncursed ring of stealth
 s - a ring of protection from magic (right hand)
Magical devices
 u - a wand of confusion (37)
Scrolls
 d - 4 scrolls of identify {unknown}
 e - a scroll of enchant armour {unknown}
 f - 2 scrolls of fear {unknown}
 l - a scroll of noise {unknown}
Potions
 h - 3 potions of brilliance {unknown}
 i - a potion of heal wounds
 j - a potion of flight {unknown}
 o - a potion of curing {unknown}
 p - a potion of agility {unknown}
Books
 b - a book of Flames

   Spells                             Type                      Level
   a - Flame Tongue                   Conjuration/Fire             1
   b - Throw Flame                    Conjuration/Fire             2
   c - Conjure Flame                  Conjuration/Fire             3
   d - Inner Flame                    Hexes/Fire                   3
   e - Sticky Flame                   Conjuration/Fire             4
   f - Fireball                       Conjuration/Fire             5
Comestibles
 c - 2 bread rations
 k - 3 fruits
 m - a royal jelly
 r - 2 chunks of flesh


   Skills:
 - Level 2.4 Dodging
 - Level 2.4 Stealth
 + Level 5.0 Spellcasting
 + Level 3.3 Conjurations
 - Level 3.2 Fire Magic


You had 12 spell levels left.
You knew the following spells:

 Your Spells              Type           Power        Failure   Level  Hunger
a - Flame Tongue          Conj/Fire      ###..        2%          1    None


Dungeon Overview and Level Annotations

Branches:
Dungeon (4/15)
 Temple: D:4-7

Altars:
Qazlal
Trog


Message History

You kill the river rat!
Your Spellcasting skill increases to level 5!
The river rat closely misses you.
Casting: Flame Tongue
Confirm with . or Enter, or press ? or * to list all spells.
Aiming: Flame Tongue
Press: ? - help, Shift-Dir - straight line, f - river rat
Aim: a river rat The flame tongue hits the river rat.
The river rat is heavily wounded.
The river rat completely misses you. The rat barely misses you.
Casting: Flame Tongue
Confirm with . or Enter, or press ? or * to list all spells.
Aiming: Flame Tongue
Press: ? - help, Shift-Dir - straight line, f/p - river rat
Aim: a river rat (heavily wounded)
The flame tongue hits the river rat.
The river rat is severely wounded.
The river rat bites you.
You die... ################ #....rr@r.....≈≈ ################

You could see a river rat and 2 rats.

Vanquished Creatures
  4 adders
  A river rat (Sewer)
  5 orcs
  4 bats
  4 giant cockroaches
  6 goblins
  5 hobgoblins
  2 quokkas (D:3)
  A giant gecko (D:1)
  A giant newt (D:2)
  5 kobolds (D:1)
  4 rats
42 creatures vanquished.

Notes
Turn   | Place    | Note
--------------------------------------------------------------
     0 | D:1      | FedoraBrony69, the Deep Elf Fire Elementalist, began the quest for the Orb.
     0 | D:1      | Reached XP level 1. HP: 10/10 MP: 6/6
   177 | D:1      | Reached XP level 2. HP: 15/15 MP: 1/8
   388 | D:1      | Reached skill level 4 in Spellcasting
   772 | D:2      | Reached XP level 3. HP: 10/19 MP: 3/10
   853 | D:2      | You fall through a shaft for 2 floors!
   873 | D:3      | Found a stormy altar of Qazlal.
  1020 | D:3      | Found a bloodstained altar of Trog.
  1073 | D:3      | Reached XP level 4. HP: 21/24 MP: 9/12
  1304 | D:3      | Found a glowing drain.
  1316 | Sewer    | Entered a sewer
  1322 | Sewer    | HP: 1/24 [river rat (6)]
  1323 | Sewer    | Reached skill level 5 in Spellcasting
  1325 | Sewer    | Slain by a river rat

Action                   |  1- 3 |  4- 6 || total
-------------------------+-------+-------++-------
 Cast: Flame Tongue      |    65 |    22 ||    87
  Use: Potion            |     3 |       ||     3
  Eat: Chunk             |       |     1 ||     1
